AoeStats
← Reis

Nomad

510280979Analyzed
4v4 RM · 2d ago on Sep 30, 2026· 42m 52s· 8 players
Game mode
Random Map
Map size
231×231
Population
200
Speed
Normal
Resources
Standard
Victory
Conquest
Starting age
Dark Age
Ending age
Imperial Age
RankedLock teamsTeams togetherTeam positionsShared explorationLock speedFull tech treeHidden civsTurbo modeCheats
Victory
Defeat
🇨🇳 Mongols · China
1369
+13
🇨🇭 Bulgarians · Switzerland
1266
+18
🇦🇺 Koreans · Australia
1260
+18
🇨🇳 Britons · China
1228
+19
🇮🇹 Malians · Italy
1348
-19
🇬🇧 Magyars · United Kingdom
1329
-18
🇮🇳 Teutons · India
1328
-18
🇵🇰 Persians · Pakistan
1199
-13
Reis
13:27 Feudal Age
12:30 Loom
xcfotrp131
4:45 Loom
15:06 Feudal Age
16:41 Double-Bit Axe
16:52 Horse Collar
19:21 Castle Age
17:46 Gold Mining
17:49 Stone Mining
18:00 Fishing Lines
21:25 Bow Saw
21:22 Heavy Plow
23:07 Wheelbarrow
28:54 Imperial Age
26:43 Fletching
26:54 Padded Archer Armor
27:50 Ballistics
27:55 Hand Cart
28:01 Bodkin Arrow
29:05 Leather Archer Armor
30:46 Bracer
33:01 Elite Longbowman
34:37 Ring Archer Armor
35:12 Chemistry
35:40 Yeomen
35:42 Conscription
35:52 Forging
35:43 Scale Mail Armor
36:19 Gillnets
38:43 Scale Barding Armor
40:09 Chain Barding Armor
40:25 Iron Casting
40:52 Warwolf
40:59 Husbandry
41:53 Plate Barding Armor
41:28 Murder Holes
42:51 Blast Furnace
41:15 Cavalier
300P 4V4
Shotel California
BLADE
5:17 Loom
12:09 Feudal Age
18:18 Castle Age
21:04 Double-Bit Axe
22:22 Fletching
23:39 Town Watch
26:50 Wheelbarrow
29:44 Bow Saw
30:20 Gold Mining
The Gravekeeper
Holyseeker
Hamid9514
Connection lost

Rejoining the realm…

Still unreachable

The connection could not be restored.

Session expired

The server has moved on; the page needs a fresh start.